BSA
CHICAGO MACHINE @ JERSEY SHORE D-BAGS
08/07/2029
 
TOP OF THE 1ST
Chicago Machine batting - Pitching for Jersey Shore D-Bags : RHP José Ramos
Pitching: RHP José Ramos
Batting: RHB Nick Harris 0-0: Ball
1-0: Ball
2-0: Ball
3-0: Called Strike
3-1: Base on Balls
Batting: RHB Doug Stephens 0-0: Foul Ball, location: 2F
0-1: Ball
1-1: Foul Ball, location: 2F
1-2: DOUBLE (Line Drive, 7LS)
Nick Harris to third
Batting: LHB Bernardo Montés 0-0: Called Strike
0-1: Ball
1-1: Ground out 2-3 (Groundball, 2R)
Batting: RHB Pablo Sandoval 0-0: Called Strike
0-1: Fly out, F9 (Flyball, 9S)
Runner from 3rd tags up, OUT at HOME
Top of the 1st over - 0 runs, 1 hit, 0 errors, 1 left on base; Chicago 0 - Jersey Shore 0
BOTTOM OF THE 1ST
Jersey Shore D-Bags batting - Pitching for Chicago Machine : RHP Aaron Thrash
Pitching: RHP Aaron Thrash
Batting: LHB Albert Morgan 0-0: Called Strike
0-1: SINGLE (Groundball, 34D)
Batting: RHB Ricardo González 0-0: Ball
1-0: Fielders Choice at 2nd, 5-4 (Groundball, 56)
Batting: RHB Ben Morton 0-0: 2-RUN HOME RUN (Flyball, 7LD), Distance : 450 ft
Batting: RHB Miguel Serna 0-0: Ball
1-0: Called Strike
1-1: Fly out, F6 (Line Drive, 6)
Batting: LHB António Cedeño 0-0: Called Strike
0-1: Fly out, F3 (Line Drive, 34)
Bottom of the 1st over - 2 runs, 2 hits, 0 errors, 0 left on base; Chicago 0 - Jersey Shore 2
TOP OF THE 2ND
Chicago Machine batting - Pitching for Jersey Shore D-Bags : RHP José Ramos
Batting: RHB Will Lott 0-0: Called Strike
0-1: Foul Ball, location: 2F
0-2: Ball
1-2: Foul Ball, location: 2F
1-2: Ball
2-2: SINGLE (Line Drive, 7LS)
Batting: LHB Denny Poole 0-0: Called Strike
0-1: Ball
1-1: Swinging Strike
1-2: SINGLE (Groundball, 34D)
Will Lott to second
Runner from 2nd tries for 3rd, SAFE, no throw
Batting: LHB Tanyu Imai 0-0: Called Strike
0-1: Ball
1-1: Ball
2-1: SINGLE (Line Drive, 89S)
Will Lott scores
Denny Poole to second
Batting: RHB Raúl Bauza 0-0: Called Strike
0-1: Grounds into double play, 5-4-3 (Groundball, 56)
Denny Poole to third
Batting: LHB Wally Harris 0-0: Ball
1-0: Called Strike
1-1: Ball
2-1: DOUBLE (Groundball, 3L)
Denny Poole scores
Batting: RHB Nick Harris 0-0: SINGLE (Line Drive, 6M)
Wally Harris to third
Runner from 3rd tries for Home, SAFE, no throw
Batting: RHB Doug Stephens 0-0: Ball
1-0: Fly out, F7 (Flyball, 7S)
Top of the 2nd over - 3 runs, 5 hits, 0 errors, 1 left on base; Chicago 3 - Jersey Shore 2
BOTTOM OF THE 2ND
Jersey Shore D-Bags batting - Pitching for Chicago Machine : RHP Aaron Thrash
Batting: LHB Ray Bryant 0-0: Ball
1-0: Ball
2-0: Called Strike
2-1: Foul Ball, location: 2F
2-2: Strikes out swinging
Batting: LHB Ed Murray 0-0: Called Strike
0-1: Foul Ball, location: 2F
0-2: Ball
1-2: Ball
2-2: Ball
3-2: Foul Ball, location: 2F
3-2: Ground out U3 (Groundball, 3)
Batting: RHB José Pinto 0-0: Ball
1-0: Ball
2-0: Called Strike
2-1: Fly out, F8 (Flyball, 8RS)
Bottom of the 2nd over - 0 runs, 0 hits, 0 errors, 0 left on base; Chicago 3 - Jersey Shore 2
TOP OF THE 3RD
Chicago Machine batting - Pitching for Jersey Shore D-Bags : RHP José Ramos
Batting: LHB Bernardo Montés 0-0: Ball
1-0: Ball
2-0: Foul Ball, location: 2F
2-1: Swinging Strike
2-2: Foul Ball, location: 2F
2-2: Ground out 3-1 (Groundball, 34S)
Batting: RHB Pablo Sandoval 0-0: Ball
1-0: Swinging Strike
1-1: Foul Ball, location: 2F
1-2: Ball
2-2: Strikes out swinging, 2-3 out at first.
Batting: RHB Will Lott 0-0: Ball
1-0: Ball
2-0: Called Strike
2-1: Called Strike
2-2: Ball
3-2: SINGLE (Groundball, 6MD)
Batting: LHB Denny Poole 0-0: Called Strike
0-1: Called Strike
0-2: Foul Ball, location: 2F
0-2: Ball
1-2: Strikes out swinging
Top of the 3rd over - 0 runs, 1 hit, 0 errors, 1 left on base; Chicago 3 - Jersey Shore 2
BOTTOM OF THE 3RD
Jersey Shore D-Bags batting - Pitching for Chicago Machine : RHP Aaron Thrash
Batting: RHB Lowie van den Bogaert 0-0: Foul Ball, location: 2F
0-1: Ball
1-1: Ball
2-1: Ground out 6-3 (Groundball, 6)
Batting: LHB Albert Morgan 0-0: SINGLE (Line Drive, 4MD)
Batting: RHB Ricardo González 0-0: Foul Ball, location: 2F
0-1: Called Strike
0-2: Foul Ball, location: 2F
0-2: Ball
1-2: Fielders Choice at 2nd, 6-4 (Groundball, 6)
Batting: RHB Ben Morton 0-0: Swinging Strike
Ricardo González steals 2nd base
0-1: Ball
1-1: Ground out 4-3 (Groundball, 4M)
Bottom of the 3rd over - 0 runs, 1 hit, 0 errors, 1 left on base; Chicago 3 - Jersey Shore 2
TOP OF THE 4TH
Chicago Machine batting - Pitching for Jersey Shore D-Bags : RHP José Ramos
Batting: LHB Tanyu Imai 0-0: Swinging Strike
0-1: DOUBLE (Line Drive, 9D)
Batting: RHB Raúl Bauza 0-0: Ball
1-0: Called Strike
1-1: SINGLE (Line Drive, 8RS)
Tanyu Imai to third
Runner from 3rd tries for Home, SAFE, throw made home
Batting: LHB Wally Harris 0-0: Called Strike
0-1: Called Strike
0-2: Fly out, F7 (Flyball, 78S)
Batting: RHB Nick Harris 0-0: Ball
1-0: Ball
Balk!
Raúl Bauza to second
2-0: Ball
3-0: Called Strike
3-1: Fly out, F4 (Flyball, 34D)
Batting: RHB Doug Stephens 0-0: Called Strike
0-1: Ball
1-1: Ball
2-1: Fly out, F4 (Line Drive, 4)
Top of the 4th over - 1 run, 2 hits, 0 errors, 1 left on base; Chicago 4 - Jersey Shore 2
BOTTOM OF THE 4TH
Jersey Shore D-Bags batting - Pitching for Chicago Machine : RHP Aaron Thrash
Batting: RHB Miguel Serna 0-0: Ball
1-0: Ball
2-0: Called Strike
2-1: Foul Ball, location: 2F
2-2: SINGLE (Line Drive, 34D)
Batting: LHB António Cedeño 0-0: Ball
1-0: Ball
Miguel Serna steals 2nd base
2-0: DOUBLE (Line Drive, 9D)
Miguel Serna scores
Batting: LHB Ray Bryant 0-0: Called Strike
0-1: Ball
1-1: Foul Ball, location: 2F
1-2: Ball
2-2: Ball
3-2: Fly out, F8 (Flyball, 8LXD)
Runner from 2nd tags up, SAFE at 3rd, no throw
Batting: LHB Ed Murray 0-0: Foul Ball, location: 2F
0-1: Ball
1-1: Fly out, F9 (Flyball, 9D)
Runner from 3rd tags up, SCORES, throw made
Batting: RHB José Pinto 0-0: Ball
1-0: Ball
2-0: Foul Ball, location: 2F
2-1: Swinging Strike
2-2: Ball
3-2: Base on Balls
Batting: RHB Lowie van den Bogaert 0-0: Ball
1-0: Called Strike
1-1: Called Strike
1-2: Strikes out looking
Bottom of the 4th over - 2 runs, 2 hits, 0 errors, 1 left on base; Chicago 4 - Jersey Shore 4
TOP OF THE 5TH
Chicago Machine batting - Pitching for Jersey Shore D-Bags : RHP José Ramos
Batting: LHB Bernardo Montés 0-0: Ball
1-0: Called Strike
1-1: Ground out 6-3 (Groundball, 6)
Batting: RHB Pablo Sandoval 0-0: Reached on error, E1 (Groundball, 13S)
Batting: RHB Will Lott 0-0: Ball
Pablo Sandoval steals 3rd base
1-0: SINGLE (Groundball, 6MD)
Pablo Sandoval scores
Pitching: RHP Barry Garner
Batting: LHB Denny Poole 0-0: Foul Ball, location: 2F
0-1: Swinging Strike
0-2: Ball
1-2: Ball
2-2: Strikes out swinging
Batting: LHB Tanyu Imai 0-0: Foul Ball, location: 2F
0-1: Swinging Strike
0-2: Ball
1-2: Strikes out swinging
Top of the 5th over - 1 run, 1 hit, 1 error, 1 left on base; Chicago 5 - Jersey Shore 4
BOTTOM OF THE 5TH
Jersey Shore D-Bags batting - Pitching for Chicago Machine : RHP Aaron Thrash
Batting: LHB Albert Morgan 0-0: Foul Ball, location: 2F
0-1: Called Strike
0-2: Strikes out looking
Batting: RHB Ricardo González 0-0: Foul Ball, location: 2F
0-1: Foul Ball, location: 2F
0-2: Ball
1-2: Ball
2-2: DOUBLE (Line Drive, 89D)
Batting: RHB Ben Morton 0-0: Ball
1-0: Called Strike
1-1: Ball
2-1: Foul Ball, location: 2F
2-2: DOUBLE (Flyball, 8LXD)
Ricardo González scores
Pitching: RHP Garrett Bell
Batting: RHB Miguel Serna 0-0: 2-RUN HOME RUN (Flyball, 9D), Distance : 356 ft
Batting: LHB António Cedeño 0-0: Called Strike
0-1: Fly out, F4 (Line Drive, 4)
Batting: LHB Ray Bryant 0-0: Ball
1-0: Called Strike
1-1: SOLO HOME RUN (Flyball, 9LD), Distance : 346 ft
Batting: LHB Ed Murray 0-0: Called Strike
0-1: Ground out U3 (Groundball, 34)
Bottom of the 5th over - 4 runs, 4 hits, 0 errors, 0 left on base; Chicago 5 - Jersey Shore 8
TOP OF THE 6TH
Chicago Machine batting - Pitching for Jersey Shore D-Bags : RHP Barry Garner
Batting: RHB Raúl Bauza 0-0: Swinging Strike
0-1: Foul Ball, location: 2F
0-2: Strikes out swinging
Batting: LHB Wally Harris 0-0: Ball
1-0: Swinging Strike
1-1: Foul Ball, location: 2F
1-2: Foul Ball, location: 2F
1-2: Strikes out swinging
Batting: RHB Nick Harris 0-0: Called Strike
0-1: Ball
1-1: Foul Ball, location: 2F
1-2: Fly out, F8 (Flyball, 8LD)
Top of the 6th over - 0 runs, 0 hits, 0 errors, 0 left on base; Chicago 5 - Jersey Shore 8
BOTTOM OF THE 6TH
Jersey Shore D-Bags batting - Pitching for Chicago Machine : RHP Garrett Bell
Pitching: RHP Manuel Montoya
Batting: RHB José Pinto 0-0: Called Strike
0-1: Ball
1-1: Ball
2-1: Foul Ball, location: 2F
2-2: Reached via error on a dropped throw, E1
Batting: RHB Lowie van den Bogaert 0-0: Called Strike
0-1: Called Strike
0-2: Ball
1-2: SINGLE (Groundball, 56S) (infield hit)
José Pinto to second
Batting: LHB Albert Morgan 0-0: Foul Ball, location: 2F
0-1: Ball
1-1: Fielders Choice at 2nd, 3-6 (Groundball, 3)
José Pinto to third
Batting: RHB Ricardo González 0-0: Ball
1-0: Called Strike
1-1: Called Strike
1-2: Ball
2-2: Foul Ball, location: 2F
2-2: Strikes out looking
Batting: RHB Ben Morton 0-0: Ground out U3 (Groundball, 3)
Bottom of the 6th over - 0 runs, 1 hit, 1 error, 2 left on base; Chicago 5 - Jersey Shore 8
TOP OF THE 7TH
Chicago Machine batting - Pitching for Jersey Shore D-Bags : RHP Barry Garner
Batting: RHB Doug Stephens 0-0: Ball
1-0: Ground out 5-3 (Groundball, 5)
Batting: LHB Bernardo Montés 0-0: Fly out, F7 (Flyball, 7)
Batting: RHB Pablo Sandoval 0-0: Ball
1-0: Ball
2-0: Ball
3-0: Called Strike
3-1: Called Strike
3-2: SINGLE (Line Drive, 89S)
Batting: RHB Will Lott 0-0: Ball
1-0: Foul Ball, location: 2F
1-1: Ball
2-1: Foul Ball, location: 2F
2-2: Strikes out swinging
Top of the 7th over - 0 runs, 1 hit, 0 errors, 1 left on base; Chicago 5 - Jersey Shore 8
BOTTOM OF THE 7TH
Jersey Shore D-Bags batting - Pitching for Chicago Machine : RHP Manuel Montoya
Batting: RHB Miguel Serna 0-0: Ball
1-0: Foul Ball, location: 2F
1-1: Ball
2-1: SINGLE (Groundball, 34) (infield hit)
Batting: LHB António Cedeño 0-0: Ball
1-0: Ball
2-0: Ball
3-0: Base on Balls
Miguel Serna to second
Batting: LHB Ray Bryant 0-0: Ball
1-0: Foul Ball, location: 2F
1-1: Ball
2-1: Swinging Strike
2-2: Strikes out swinging
Batting: LHB Ed Murray 0-0: Ball
1-0: Called Strike
1-1: Fly out, F9 (Flyball, 89M)
Batting: RHB José Pinto 0-0: Ball
1-0: Ball
2-0: Called Strike
2-1: Ball
3-1: SINGLE (Groundball, 56D)
Miguel Serna to third
António Cedeño to second
Runner from 3rd tries for Home, SAFE, throw made home
Batting: RHB Lowie van den Bogaert 0-0: Ball
1-0: Ball
2-0: Ball
3-0: Base on Balls
António Cedeño to third
José Pinto to second
Batting: LHB Albert Morgan 0-0: Foul Ball, location: 2F
0-1: Foul Ball, location: 2F
0-2: Fly out, F5 (Line Drive, 5L)
Bottom of the 7th over - 1 run, 2 hits, 0 errors, 3 left on base; Chicago 5 - Jersey Shore 9
TOP OF THE 8TH
Chicago Machine batting - Pitching for Jersey Shore D-Bags : RHP Barry Garner
Batting: LHB Denny Poole 0-0: Ball
1-0: SOLO HOME RUN (Flyball, 9LD), Distance : 343 ft
Batting: LHB Tanyu Imai 0-0: Ball
1-0: Called Strike
1-1: Swinging Strike
1-2: Strikes out swinging
Batting: RHB Raúl Bauza 0-0: Ball
1-0: Ball
2-0: Called Strike
2-1: Foul Ball, location: 2F
2-2: Foul Ball, location: 2F
2-2: Foul Ball, location: 2F
2-2: Strikes out looking
Batting: LHB Wally Harris 0-0: SINGLE (Groundball, 34D)
Batting: RHB Nick Harris 0-0: Called Strike
0-1: Ball
1-1: Foul Ball, location: 2F
1-2: Ball
2-2: Ball
3-2: Foul Ball, location: 2F
3-2: Ground out 5-3 (Groundball, 56S)
Top of the 8th over - 1 run, 2 hits, 0 errors, 1 left on base; Chicago 6 - Jersey Shore 9
BOTTOM OF THE 8TH
Jersey Shore D-Bags batting - Pitching for Chicago Machine : RHP Manuel Montoya
Batting: RHB Ricardo González 0-0: Called Strike
0-1: Foul Ball, location: 2F
0-2: Ball
1-2: SINGLE (Flyball, 7LS)
Batting: RHB Ben Morton 0-0: Called Strike
0-1: Grounds into double play, 5-4-3 (Groundball, 56)
Batting: RHB Miguel Serna 0-0: Ball
1-0: Ball
2-0: SINGLE (Line Drive, 4MD)
Pitching: RHP Juan Rodríguez
Batting: LHB António Cedeño 0-0: Called Strike
0-1: Ball
1-1: Ground out U3 (Groundball, 34S)
Bottom of the 8th over - 0 runs, 2 hits, 0 errors, 1 left on base; Chicago 6 - Jersey Shore 9
TOP OF THE 9TH
Chicago Machine batting - Pitching for Jersey Shore D-Bags : RHP Barry Garner
Pitching: RHP John Hall
Now at 1B: Carlos Pérez
Now in RF: Mike Ingram
Batting: RHB Doug Stephens 0-0: Ground out 4-3 (Groundball, 4M)
Batting: LHB Bernardo Montés 0-0: Called Strike
0-1: Foul Ball, location: 2F
0-2: Ball
1-2: Fly out, F9 (Flyball, 9D)
Batting: RHB Pablo Sandoval 0-0: Ball
1-0: Ball
2-0: Ball
3-0: Base on Balls
Batting: RHB Will Lott 0-0: Fielders Choice at 2nd, 5-4 (Groundball, 5)
Top of the 9th over - 0 runs, 0 hits, 0 errors, 1 left on base; Chicago 6 - Jersey Shore 9
Saturday, December 16th, 2017 - OOTP Baseball 18.8 Build 76